 Dungeon Crawl Stone Soup version 0.29.1-15-g9cfb28693d (webtiles) character file.

Game seed: 16252741664994854754

455 croobank the Covert (level 7, -3/49 HPs)
             Began as an Octopode Delver on Mar 25, 2023.
             Slain by a gnoll bouda
             ... wielding a +0 whip
              (7 damage)
             ... on level 5 of the Dungeon.
             The game lasted 00:15:40 (6272 turns).

croobank the Covert (Octopode Delver)               Turns: 6272, Time: 00:15:40

Health: -3/49      AC:  1    Str: 12    XL:     7   Next: 5%
Magic:  8/8        EV: 14    Int: 14    God:
Gold:   192        SH:  0    Dex: 13    Spells: 6/8 levels left

rFire   . . .      SeeInvis .   a - +1 short sword (chaos)
rCold   . . .      Faith    .   (no shield)
rNeg    . . .      Spirit   .   (helmet restricted)
rPois   .          Reflect  .   (no amulet)
rElec   .          Harm     .   (no ring)
rCorr   .          Rampage  .   (no ring)
Will    .....                   (no ring)
Stlth   +++++.....              (no ring)
HPRegen 0.16/turn               (no ring)
MPRegen 0.11/turn               (no ring)
                                (no ring)
                                (no ring)

@: no status effects
A: almost no armour, amphibious, 8 rings, camouflage 1, gelatinous body 1,
(nimble swimmer 1), tentacles
a: no special abilities


You were on level 5 of the Dungeon.
You visited 1 branch of the dungeon, and saw 6 of its levels.
You also visited: Sewer.

You collected 192 gold pieces.

Inventory:

Hand Weapons
 a - a +1 short sword of chaos (weapon)
 b - a +0 sling
 d - a +0 trident
 i - a +0 hand axe
 q - a +0 dagger
 E - a +3 whip
Missiles
 m - 10 poisoned darts
 y - a throwing net
 B - 2 atropa-tipped darts (quivered)
 C - 3 curare-tipped darts
Magical Staves
 t - a staff of earth
Jewellery
 z - a ring of flight
Wands
 f - a wand of digging (3)
Scrolls
 c - 3 scrolls of magic mapping
 j - a scroll of silence {unknown}
 k - 3 scrolls of identify {unknown}
 n - 2 scrolls of fog
 v - 2 scrolls of blinking
 w - a scroll of teleportation
 A - a scroll of torment {unknown}
Potions
 e - 3 potions of curing
 g - a potion of lignification {unknown}
 h - 3 potions of brilliance {unknown}
 l - 2 potions of degeneration {unknown}
 o - 3 potions of magic {unknown}
 p - 2 potions of might {unknown}
 r - 3 potions of invisibility {unknown}
 s - 5 potions of heal wounds {unknown}
 u - 4 potions of mutation {unknown}
 x - 2 potions of haste
 D - a potion of flight {unknown}


   Skills:
 + Level 4.4 Fighting
 + Level 3.8 Axes
 + Level 3.8 Dodging
 + Level 8.2 Stealth
 + Level 1.0 Spellcasting
 + Level 1.2 Transmutations


You had 6 spell levels left.
You knew the following spells:

 Your Spells              Type           Power      Damage    Failure   Level
a - Wereblood             Tmut           4%         N/A       24%         2

Your spell library contained the following spells:

 Spells                   Type           Power      Damage    Failure   Level
 Sting                    Tmut/Pois      8%         1d3       21%         1
 Sublimation of Blood     Necr           0%         N/A       36%         2
 Spider Form              Tmut/Pois      2%         N/A       52%         3
 Dazzling Flash           Conj/Hex       0%         N/A       61%         3
 Corpse Rot               Necr/Pois/Air  0%         N/A       95%         4
 Sticky Flame             Conj/Fire      0%         2d3       95%         4
 Agony                    Necr           0%         N/A       100%        5
 Silence                  Hex/Air        0%         N/A       100%        5
 Starburst                Conj/Fire      0%         6d3       100%        6
 Summon Hydra             Summ           0%         N/A       100%        7


Dungeon Overview and Level Annotations

Branches:
Dungeon (6/15)              Sewer (visited)
 Temple: D:4-7

Altars:
Ru
Wu Jian

Shops:
D:2 *


Innate Abilities, Weirdness & Mutations

You cannot wear most types of armour.
You are amphibious.
You can wear up to eight rings at the same time.
Your skin changes colour to match your surroundings (Stealth+).
Your rubbery body absorbs attacks. (AC +1, EV +1)
((You are camouflaged when in or above water. (Stealth+)))
You have tentacles for arms and can constrict up to eight enemies at once.


Message History

You barely miss the gnoll.
The gnoll shouts! x2
You grab the gnoll. You squeeze the gnoll!
The gnoll is severely wounded.
You constrict the gnoll.
You hear a shout!
The gnoll hits you with a +0 whip!
You barely miss the gnoll.
The gnoll is almost dead.
You constrict the gnoll.
You kill the gnoll!
The gnoll barely misses you. The gnoll hits you with a +0 spear.
The gnoll bouda barks out a call to the hunt!
The gnoll picks up the pace!
You hit the gnoll.
The gnoll is poisoned.
You grab the gnoll.
The gnoll is moderately wounded.
You constrict the gnoll. The gnoll barely misses you.
The gnoll bouda hits you with a +0 whip!
You closely miss the gnoll bouda. Your grab misses the gnoll bouda.
Your squeeze misses the gnoll bouda.
You constrict the gnoll, but do no damage.
The gnoll hits you with a +0 spear.
The gnoll bouda hits you with a +0 whip.
You hit the gnoll bouda.
The gnoll bouda seems to speed up.
You grab the gnoll bouda. You squeeze the gnoll bouda!
The gnoll bouda is heavily wounded.
You constrict the gnoll bouda, but do no damage.
You constrict the gnoll. The gnoll bouda barely misses you.
The gnoll hits you with a +0 spear.
* * * LOW HITPOINT WARNING * * *
The gnoll bouda calls upon its god to heal the gnoll.
The gnoll is healed somewhat.
You hit the gnoll but do no damage.
The gnoll is moving more slowly.
The gnoll is moderately wounded.
You constrict the gnoll bouda. You constrict the gnoll.
The gnoll bouda misses you. The gnoll hits you with a +0 spear!
* * * LOW HITPOINT WARNING * * *
The gnoll bouda hits you with a +0 whip!
You die...

### #.. #.##### #
..#####.#...#.#
#.....gg.#.....
#####@...# #
..##..###..# #
#.##...)...#
#.##.##.#######
#.......#######
####.##.......#
#.##.......#
#.##.......#
######.##.......#


You could see a gnoll bouda (fast) and a gnoll (swift, petrifying, very
poisoned).

Vanquished Creatures
  An ogre (D:4)
  A necrophage (D:4)
  An iguana (D:4)
  An orc wizard (D:4)
  5 gnolls
  7 adders
  A shadow imp (D:6)
  4 worms
  A dart slug (D:1)
  7 orcs
  11 ball pythons
  10 bats
  13 endoplasms
  4 giant cockroaches
  6 goblins
  5 hobgoblins
  3 jackals (D:2)
  A quokka (D:4)
  4 frilled lizards
  30 kobolds
  10 rats
126 creatures vanquished.

Vanquished Creatures (others)
  12 plants
12 creatures vanquished.

Grand Total: 138 creatures vanquished

Notes
Turn   | Place    | Note
-------+----------+-------------------------------------------
     0 | D:5      | croobank the Octopode Delver began the quest for the Orb.
     0 | D:5      | Reached XP level 1. HP: 16/16 MP: 1/1
    12 | D:6      | Reached XP level 2. HP: 15/21 MP: 2/2
   109 | D:6      | Noticed an ice beast
   153 | D:5      | Found an ornate altar of the Wu Jian Council.
   256 | D:4      | Reached skill level 7 in Stealth
   256 | D:4      | Reached XP level 3. HP: 12/26 MP: 3/3
   446 | D:4      | Noticed a necrophage
   774 | D:3      | Found a glowing drain.
   784 | D:3      | Reached XP level 4. HP: 31/31 MP: 4/4
   787 | Sewer    | Entered a sewer
  2403 | D:3      | Reached XP level 5. HP: 33/37 MP: 5/5
  2733 | D:2      | You fall into a shaft and drop 1 floor!
  2877 | D:2      | Found a faded altar of an unknown god.
  2922 | D:2      | Found Wite's Assorted Antiques.
  3940 | D:2      | Reached XP level 6. HP: 11/43 MP: 6/6
  4484 | D:3      | Learned a level 2 spell: Wereblood
  4543 | D:3      | Got Cuakiyrchi's Encyclopedia of Virous Kindling
  5158 | D:4      | Reached skill level 8 in Stealth
  5694 | D:4      | Found a sacrificial altar of Ru.
  5853 | D:4      | Reached skill level 1 in Transmutations
  5853 | D:4      | Reached XP level 7. HP: 19/49 MP: 6/8
  6212 | D:5      | Reached skill level 1 in Spellcasting
  6272 | D:5      | Slain by a gnoll bouda

Illustrated notes

Levels and vault maps discovered:
D:1:      roderic_crop_circles_arrival_small, layout_rooms
D:2:      layout_loops_cross, shapermc_ecumenical_altar_ellora, serial_shops,
          nicolae_shop_overgrown_old_shop, minmay_goblin_kobold_house
D:3:      kennysheep_big_flooded_room, layout_basic,
          cheibrodos_sewer_entry_bend, grunt_ministairs_6,
          hangedman_decor_clover_reticule, minmay_statues_item
D:4:      layout_loops_ring, mainiacjoe_overflow_alcove_4
D:5:      layout_loops_cross, nzn_wu_jian_contemplation,
          minmay_temple_entry_antechambers
D:6:      layout_loops_corners, lemuel_doored_altar,
          mainiacjoe_overflow_cross_hatched

Skill      XL: |  1  2  3  4  5  6  7 |
---------------+----------------------+-----
Stealth        | 7 8 |  8.2
Dodging        | 3 |  3.8
Axes           | 3 |  3.8
Fighting       | 4 |  4.4
Transmutations | 1 |  1.2
Spellcasting   | 1 |  1.0

Action                   |  1- 3 |  4- 6 |  7- 9 || total
-------------------------+-------+-------+-------++-------
Melee: Hand axe          |     4 |       |       ||     4
       Constrict         |     7 |    45 |     4 ||    56
       Short sword       |    32 |   197 |    10 ||   239
       Tentacles         |     9 |    27 |     4 ||    40
       Punch             |     3 |     1 |       ||     4
 Fire: Sling             |       |    16 |       ||    16
Throw: Dart              |       |     2 |       ||     2
  Use: Scroll            |     1 |     9 |       ||    10
       Potion            |       |     5 |       ||     5
 Stab: Sleeping          |     7 |    31 |       ||    38
       Distracted        |       |     2 |       ||     2
Armor: Skin              |     1 |    13 |       ||    14
Dodge: Dodged            |    19 |   117 |     7 ||   143
